 Dungeon Crawl Stone Soup version 0.21.1-1-g345015f (webtiles) character file.

237 Supreme the Conjurer (level 5, -2/28 HPs)
             Began as a Deep Elf Conjurer on Apr 10, 2018.
             Slain by a goblin zombie (3 damage)
             ... in an ossuary.
             The game lasted 00:21:04 (1890 turns).

Supreme the Conjurer (Deep Elf Conjurer)            Turns: 1890, Time: 00:21:04

Health: -2/28      AC:  2    Str:  5    XL:     5   Next: 77%
Magic:  3/14       EV: 13    Int: 21    God:
Gold:   198        SH:  0    Dex: 15    Spells: 3/13 levels left

rFire    . . .     SeeInvis .   n - +1 short sword (protect)
rCold    . . .     Gourm    .   (no shield)
rNeg     . . .     Faith    .   a - +0 robe
rPois    +         Spirit   .   (no helmet)
rElec    .         Reflect  .   (no cloak)
rCorr    .         Harm     .   (no gloves)
MR       .....                  (no boots)
Stlth    ++........             (no amulet)
HPRegen  0.09/turn              l - ring of poison resistance
MPRegen  0.14/turn              (no ring)

@: no status effects
A: no striking features
a: no special abilities


You were in an ossuary.
You were not hungry.

You visited 1 branch of the dungeon, and saw 4 of its levels.
You also visited: Ossuary.

You collected 198 gold pieces.

Inventory:

Hand Weapons
 d - a +0 short sword
 h - a +0 spear
 m - a +0 whip
 n - a +1 short sword of protection (weapon)
 r - a +0 hunting sling
 s - a +0 flail
 u - a +0 hand axe
 y - a +1 short sword of flaming
 z - a cursed +0 trident
Missiles
 t - 4 tomahawks (quivered)
Armour
 a - a +0 robe (worn)
 o - a +0 shield
Jewellery
 l - a ring of poison resistance (left hand)
 p - an uncursed amulet of faith
Scrolls
 e - 3 scrolls of remove curse {unknown}
 f - 2 scrolls of enchant armour {unknown}
 g - 3 scrolls of identify {unknown}
 i - a scroll of fog {unknown}
 j - a scroll of noise {unknown}
 q - a scroll of enchant weapon {unknown}
 B - a scroll of teleportation {unknown}
Potions
 k - a potion of degeneration {unknown}
 v - 3 potions of resistance {unknown}
 w - a potion of curing {unknown}
 x - a potion of flight {unknown}
 A - 2 potions of haste {unknown}
Books
 b - a book of Conjurations

   Spells                             Type                      Level
   a - Magic Dart                     Conjuration                  1
   b - Searing Ray                    Conjuration                  2
   c - Dazzling Spray                 Conjuration/Hexes            3
   d - Fulminant Prism                Conjuration/Hexes            4
   e - Force Lance                    Conjuration/Translocation    4
   f - Iskenderun's Mystic Blast      Conjuration                  4
Comestibles
 c - 4 rations
 C - a chunk of flesh


   Skills:
 + Level 3.3 Dodging
 - Level 2.4 Stealth
 + Level 4.9 Spellcasting
 + Level 6.7 Conjurations


You had 3 spell levels left.
You knew the following spells:

 Your Spells              Type           Power        Failure   Level  Hunger
a - Magic Dart            Conj           ####         1%          1    None
b - Searing Ray           Conj           ####..       1%          2    None
c - Dazzling Spray        Conj/Hex       ###...       9%          3    ##.....
d - Iskenderun's Mystic   Conj           ####....     7%          4    ####...


Dungeon Overview and Level Annotations

Branches:
Dungeon (4/15)
 Temple: D:4-7

Altars:
Elyvilon
Hepliaklqana
Nemelex Xobeh
Xom


Message History

You destroy the goblin zombie!
The mystic blast hits the jackal zombie.
You destroy the jackal zombie!
The goblin zombie hits you. The adder zombie closely misses you.
Casting: Iskenderun's Mystic Blast
Confirm with . or Enter, or press ? or * to list all spells.
Aiming: Iskenderun's Mystic Blast
Press: ? - help, Shift-Dir - straight line, f - elf zombie
Aim: an elf zombie (lightly damaged)
The orb of energy hits the elf zombie.
The elf zombie is moderately damaged.
The elf zombie hits you!
The goblin zombie hits you but does no damage.
The adder zombie closely misses you. The human zombie hits you!
* * * LOW HITPOINT WARNING * * *
The adder zombie barely misses you. The elf zombie hits you.
* * * LOW HITPOINT WARNING * * *
The goblin zombie hits you.
You die...

... ...........#)%#
.....#####.........#+##
......................#
......................#
...............##.....#
...............##.....#
......................#
........Z..........#..#
.......@ZZ.M......##
......ZZZZ........#
........Z.........##
..........M........#..
......................#
......................#
...............##.....#
...............##.....#
......................#


You could see 2 mummies, an adder zombie, a goblin zombie, a big kobold zombie,
an orc zombie, 2 elf zombies and 2 human zombies.

Vanquished Creatures
  An ogre (D:4)
  A howler monkey (D:4)
  5 adders
  An ooze (D:1)
  An adder skeleton (D:4)
  2 worms (D:2)
  2 dart slugs (D:1)
  3 leopard geckos (D:2)
  3 orcs (D:3)
  2 giant cockroaches
  4 goblins
  2 hobgoblins
  3 jackals (D:4)
  2 quokkas (D:2)
  6 bats
  2 frilled lizards (D:2)
  2 goblin zombies (Ossuary)
  A jackal zombie (Ossuary)
  4 kobolds
  6 rats
  A rat zombie (Ossuary)
54 creatures vanquished.

Notes
Turn   | Place    | Note
-------+----------+-------------------------------------------
     0 | D:1      | Supreme the Deep Elf Conjurer began the quest for the Orb.
     0 | D:1      | Reached XP level 1. HP: 10/10 MP: 6/6
   185 | D:1      | Found a sparkling altar of Nemelex Xobeh.
   224 | D:1      | Reached XP level 2. HP: 15/15 MP: 4/8
   228 | D:1      | Learned a level 2 spell: Searing Ray
   275 | D:1      | Reached skill level 5 in Conjurations
   726 | D:2      | Reached XP level 3. HP: 19/19 MP: 1/9
  1138 | D:2      | Reached XP level 4. HP: 24/24 MP: 5/11
  1380 | D:2      | Learned a level 3 spell: Dazzling Spray
  1385 | D:2      | Learned a level 4 spell: Iskenderun's Mystic Blast
  1552 | D:4      | Reached skill level 6 in Conjurations
  1665 | D:4      | Reached XP level 5. HP: 28/28 MP: 4/13
  1682 | D:4      | Found a hazy altar of Hepliaklqana.
  1683 | D:4      | Found a shimmering altar of Xom.
  1683 | D:4      | Noticed an insubstantial wisp
  1684 | D:4      | Noticed a spectral ugly thing
  1684 | D:4      | Noticed an insubstantial wisp
  1701 | D:4      | Found a white marble altar of Elyvilon.
  1768 | D:4      | Noticed an ogre
  1777 | D:4      | Killed an ogre
  1860 | D:4      | Found a sand-covered staircase.
  1865 | Ossuary  | Entered an ossuary
  1890 | Ossuary  | HP: 1/28 [elf zombie (5)]
  1890 | Ossuary  | Slain by a goblin zombie

Skill      XL: |  1  2  3  4 |
---------------+-------------+-----
Conjurations   | 5 6 |  6.7
Dodging        | 3 |  3.3
Spellcasting   | 4 |  4.9
Stealth        | |  2.4

Action                   |  1- 3 |  4- 6 || total
-------------------------+-------+-------++-------
Melee: Short sword       |    11 |     1 ||    12
 Cast: Magic Dart        |    71 |    45 ||   116
       Searing Ray       |     1 |       ||     1
       Iskenderun's Myst |       |     2 ||     2
       Dazzling Spray    |       |     1 ||     1
 Stab: Sleeping          |     3 |     1 ||     4
  Eat: Chunk             |     1 |     2 ||     3
Armor: Robe              |     6 |     2 ||     8
Dodge: Dodged            |    15 |    11 ||    26
